[Event "US Masters 2022"]
[Site "Charlotte"]
[Date "2022.11.26"]
[Round "5.9"]
[White "Escalante Ramirez, Brian Sebasti"]
[Black "Antipov, Mikhail Al."]
[Result "0-1"]
[ECO "C28"]
[WhiteElo "2468"]
[BlackElo "2608"]
[Annotator "TA"]
[PlyCount "90"]
[EventDate "2022.11.23"]
[EventType "swiss"]
[EventCountry "USA"]
[SourceTitle "playchess.com"]
[Source "ChessBase"]
[SourceQuality "1"]
[TimeControl "5400+30"]

1. e4 e5 2. Nc3 Nc6 3. Bc4 Nf6 4. d3 Na5 5. Qf3 d6 6. Nge2 {[%emt 0:08:39] C28: Vienna Game: 2...Nf6 3 Bc4 Nc6.} Be7 7. O-O O-O 8. a4 {[%emt 0:00:40] [#] The position is equal.} Bg4 $146 ({Predecessor:} 8... Nxc4 9. dxc4 Be6 10. b3 Nd7 11. Ng3 c6 12. Be3 g6 13. Bh6 Re8 14. Rad1 Qc7 15. Nf5 gxf5 16. Qg3+ {1-0 (16) Mekhitarian,K (2554)-Palchuk,A (2174) Chess.com INT 2021}) 9. Qe3 Nxc4 10. dxc4 c6 11. h3 Be6 12. b3 a5 13. Ba3 Qc7 14. f4 exf4 15. Nxf4 Rae8 16. Rad1 Bc8 17. Qd4 Rd8 18. Bb2 Ne8 19. Nh5 f6 20. Kh1 Rf7 21. Qe3 g6 22. Ng3 Ng7 23. Nce2 Ne6 24. Nf4 (24. h4 {feels hotter.} Nc5 25. h5 Bg4 26. Rf4) 24... Nc5 25. Rf2 Bf8 26. Nd3 Nd7 27. Rdf1 Bg7 28. Qa7 Rdf8 29. Rf3 Qd8 {[%emt 0:02:57] White must now prevent ...b6.} 30. Qf2 b6 31. Ba3 c5 32. Bb2 Bh6 33. Nf4 (33. Kg1 $11) 33... Ne5 $15 34. Re3 {[%emt 0:00:04] [#] This costs White the game.} (34. Rc3 $17) 34... f5 $1 $19 35. exf5 Bxf5 36. Qe1 Bd7 ({Weaker is} 36... Bxc2 37. Ne6 Rxf1+ 38. Nxf1 Rxf1+ 39. Qxf1 $11) 37. Rxe5 dxe5 ({Not} 37... Bxf4 38. Re2 $11) 38. Nd5 Rxf1+ 39. Nxf1 {[%emt 0:00:01] Pair of Knights!} Bc6 40. Ng3 $2 (40. Nfe3 {was worth a try.}) 40... Bxd5 41. Qxe5 {[%emt 0:00:04] [#] aiming for Qh8+.} Bxg2+ 42. Kh2 $2 (42. Kxg2 Qd2+ 43. Ne2 Qg5+ 44. Ng3) 42... Kf7 {[%emt 0:00:38] Hoping for ...Re8. Black is clearly winning.} 43. Kxg2 Re8 44. Qd5+ Qxd5+ 45. cxd5 Bf4 {[%emt 0:00:06] Weighted Error Value: White=0.35/Black=0.27 (precise)} 0-1

[Event "US Masters 2022"]
[Site "Charlotte"]
[Date "2022.11.26"]
[Round "5.10"]
[White "Theodorou, Nikolas"]
[Black "Bora, Safal"]
[Result "1/2-1/2"]
[ECO "B36"]
[WhiteElo "2598"]
[BlackElo "2446"]
[Annotator "TA"]
[PlyCount "155"]
[EventDate "2022.11.23"]
[EventType "swiss"]
[EventCountry "USA"]
[SourceTitle "playchess.com"]
[Source "ChessBase"]
[SourceQuality "1"]
[TimeControl "5400+30"]

1. Nf3 Nf6 2. c4 c5 3. Nc3 g6 4. e4 Nc6 5. d4 cxd4 6. Nxd4 Nxd4 7. Qxd4 d6 8. Be2 Bg7 9. Be3 O-O 10. Qd2 a5 {[%emt 0:01:08][%cal Ba7a5,Ba5a4][%mdl 32] B36: Sicilian: Maroczy Bind: Gurgenidze System.} 11. O-O a4 12. f3 {[%emt 0:08:19] 12.Bd4 is the fancy move.} Qa5 {[%emt 0:02:06] White has an edge.} 13. Rab1 Be6 14. Rfc1 (14. Bd4 {feels hotter.} Nd7 15. Bxg7 Kxg7 16. b4) 14... Rfc8 15. b4 axb3 16. axb3 Qb4 17. Kf1 Nd7 18. Nd5 Qxd2 19. Bxd2 Kf8 {[%emt 0:10:44] [#]} 20. b4 $146 ({Predecessor:} 20. Bg5 f6 21. Be3 f5 22. Nf4 Bf7 23. exf5 gxf5 24. Nd5 b5 25. Rd1 bxc4 26. bxc4 Rab8 {½-½ (26) Dolezal,C (2389)-Mekhitarian,K (2544) Buenos Aires 2017}) 20... Ra2 21. Bg5 Bxd5 22. cxd5 {[%emt 0:01:54][%cal Rc1c8] [#]} Rxc1+ 23. Rxc1 Ra1 24. Rxa1 Bxa1 $14 {[%emt 0:00:09][%mdl 4096] Endgame KBB-KBN} 25. Bd2 Bd4 26. Bb5 Ke8 27. Ke2 Kd8 28. g4 Bg1 29. h4 Bd4 30. g5 Ne5 31. Be1 Nd7 32. f4 Bb2 33. Kd3 Ba1 34. Bf2 Bb2 35. Kc2 Ba1 36. Be2 Kc7 37. Kb3 Kd8 38. h5 Kc7 39. h6 Kd8 40. Be3 Kc7 41. Bb5 Bh8 42. Kc4 {[%emt 0:01:13] Bd4 is the strong threat. White is more active.} Bb2 43. Kd3 Kd8 44. Kc2 Ba1 45. Ba4 Bh8 46. Bd2 Bd4 47. Kd3 Bb2 48. Be3 Ba1 $2 {[%emt 0:00:35] [#]} (48... Kc7 $16 49. Bd1 Ba1) 49. Bd4 $1 $18 Bxd4 50. Kxd4 {[%emt 0:00:03] aiming for Bxd7. KB-KN} Nb6 51. Bd1 (51. Bc2 $18 {has better winning chances.}) 51... Ke8 $16 52. Bg4 Kf8 53. e5 f5 $2 (53... Kg8 $16) 54. gxf6 $18 ({Not} 54. exf6 exf6 55. Be2 (55. gxf6 Kf7 $14) 55... fxg5 56. fxg5 Ke7 $14) 54... exf6 55. exd6 {[%emt 0:00:14] Strongly threatening Be6.} Ke8 56. Be6 Nd7 57. Kc4 Kd8 58. Bf7 $2 (58. Kb5 $18 {And now Ka5 would win.} Kc8 59. Ka5) 58... g5 $11 59. Bg8 gxf4 60. Bxh7 Ne5+ {[%emt 0:00:01] The position is equal.} 61. Kd4 {[%emt 0:00:19] White wants to mate with Bf5.} Nf7 62. Bf5 {[%emt 0:00:44] White threatens h7 and mate.} Nxh6 63. Be6 {[%emt 0:00:17] Threatens to win with Ke4.} f5 64. Kd3 Ng4 65. Bxf5 Ne5+ 66. Ke4 Nc4 67. d7 (67. Kxf4 {simplifies} Nxd6 68. Ke5 Ke7 69. Be6) 67... Ne3 68. Bh3 Nc2 69. b5 (69. Kxf4 {simplifies} Nxb4 70. Ke5 Na2 71. Bf1) 69... Na3 (69... f3 {is more complex.} 70. Kxf3 Nd4+ 71. Ke4 Nxb5 72. Be6 Nc3+) 70. Bf1 {[%emt 0:00:31] Bd3 would kill now.} Kxd7 71. Kxf4 Kd6 72. Ke4 {[%emt 0:00:06] Intending Bd3 and mate.} Nb1 {[%emt 0:00:45] ( -> ...Nd2+)} 73. Kd3 {[%emt 0:01:21] Inhibits Nd2.} Kxd5 74. Kc2 Na3+ 75. Kb3 Nxb5 76. Bxb5 Kc5 77. Bf1 b5 78. Bxb5 {[%emt 0:00:04] Blacks defense is rewarded with a draw.   Weighted Error Value: White=0.24 (precise) /Black=0.09 (flawless)} 1/2-1/2

[Event "US Masters 2022"]
[Site "Charlotte"]
[Date "2022.11.26"]
[Round "5.11"]
[White "Raja Harshit"]
[Black "Burke, John M"]
[Result "0-1"]
[ECO "C89"]
[WhiteElo "2461"]
[BlackElo "2580"]
[Annotator "TA"]
[PlyCount "64"]
[EventDate "2022.11.23"]
[EventType "swiss"]
[EventCountry "USA"]
[SourceTitle "playchess.com"]
[Source "ChessBase"]
[SourceQuality "1"]
[TimeControl "5400+30"]

1. e4 e5 2. Nf3 Nc6 3. Bb5 a6 4. Ba4 Nf6 5. O-O Be7 6. Re1 b5 7. Bb3 O-O 8. c3 d5 9. exd5 Nxd5 10. Nxe5 Nxe5 11. Rxe5 c6 12. d3 Bd6 13. Re1 Qh4 14. g3 Qh3 15. Re4 Nf6 16. Rh4 {[%emt 0:00:49] C89: Closed Ruy Lopez: Marshall Attack.} Qf5 17. Nd2 $1 Ng4 $1 {[%emt 0:02:02][%mdl 4] is now more promising than 17...g5.} 18. f3 {[%emt 0:17:56] White is slightly better.} Ne3 19. Qe2 Nd5 $1 20. Nf1 (20. Ne4 $14 Be7 21. g4) 20... Qg6 $11 {[%emt 0:02:56] [#]} 21. c4 $146 ({Predecessor:} 21. Qf2 Bf5 22. Ne3 Nxe3 23. Bxe3 Be7 24. Rd4 Rae8 25. Re1 Bc5 26. Rf4 Bd6 27. Re4 Bxe4 28. fxe4 {½-½ (58) Santos Latasa,J (2600)-Krysa,L (2531) Barbera del Valles 2020}) 21... Nb4 22. Ne3 $132 {[%emt 0:06:33][%mdl 2048] White is fighting back} Nxd3 23. cxb5 {[%emt 0:01:44] [#] Threatens to win with Bc2.} axb5 (23... Re8 $15 24. Rd4 (24. bxc6 $2 {perishes.} Bxg3 25. hxg3 Qxg3+ 26. Kf1 Qxh4 $19) 24... Bf5) 24. Bd2 (24. Bc2 $11 {remains equal.} Nxc1 25. Rxc1) 24... Re8 $17 {[%emt 0:06:15][%cal Od6g3] White must now prevent ...Bxg3! Black is more active.} 25. Kh1 $2 {[%emt 0:06:28] Loses the game.} (25. Bc2 $17 {is a better defense.} Bf5 26. Kf1 (26. Rd4 $2 Nf4 $19)) 25... Bc5 $19 (25... Nxb2 26. Rc1 $17) 26. Bc2 Bf5 27. g4 {[%emt 0:07:22] [#]} Nf2+ $1 28. Qxf2 Bxc2 29. Rh5 Bb6 30. Re1 f5 ({Weaker is} 30... Rxa2 31. Nxc2 Rxe1+ 32. Qxe1 $16) 31. Qh4 fxg4 32. Rg5 $2 (32. Qxg4 Ra4 33. b4 Qxg4 34. Nxg4 Rxe1+ 35. Bxe1) 32... Bd8 {[%emt 0:01:24] Weighted Error Value: White=0.51/Black=0.06 (flawless)} 0-1

[Event "US Masters 2022"]
[Site "Charlotte"]
[Date "2022.11.26"]
[Round "5.12"]
[White "Yoo, Christopher Woojin"]
[Black "Fus, Jakub"]
[Result "1-0"]
[ECO "A14"]
[WhiteElo "2573"]
[BlackElo "2427"]
[Annotator "TA"]
[PlyCount "91"]
[EventDate "2022.11.23"]
[EventType "swiss"]
[EventCountry "USA"]
[SourceTitle "playchess.com"]
[Source "ChessBase"]
[SourceQuality "1"]
[TimeControl "5400+30"]

1. Nf3 d5 2. c4 e6 3. g3 Nf6 4. Bg2 Be7 5. O-O O-O 6. d3 c5 7. b3 Nc6 8. e3 b6 9. Bb2 Bb7 10. Nc3 dxc4 {[%emt 0:05:54] A14: English Opening: 1...e6 with b3 by White.} 11. dxc4 Qc7 12. Nb5 Qb8 {[%emt 0:00:53] [#] The position is equal.} 13. Ne5 $146 ({Predecessor:} 13. Qe2 a6 14. Nc3 Rd8 15. Rfd1 Qc7 16. Rxd8+ Rxd8 17. Rd1 Rxd1+ 18. Qxd1 Nd8 19. Qd3 {½-½ (39) Visier Segovia,F (2320)-Zabala Ordonez,A Spain 1993}) 13... Nxe5 14. Bxe5 Qc8 15. Bxf6 gxf6 16. Qg4+ Kh8 17. Rad1 Bxg2 18. Kxg2 a6 19. Nc3 Qb7+ 20. Qf3 Qxf3+ 21. Kxf3 {[%emt 0:01:12] Hoping for Rd7.} Rfd8 {[%emt 0:00:05] Prevents Rd7.} 22. g4 Bd6 23. Ne4 Be5 24. Ke2 Kg7 25. f4 {[%emt 0:00:29] White now steadily converts the win.} Bc7 26. h4 {[%emt 0:02:31] White is more active.} Rxd1 27. Rxd1 $16 {[%emt 0:00:38][%mdl 4096] Endgame KRB-KRN} Rd8 {[%emt 0:00:05] Inhibits Rd7.} 28. Rf1 Rd7 29. Ng3 Kf8 {[%emt 0:05:10] [#]} (29... Kg6 $142) 30. Nh5 $1 Ke7 31. g5 f5 32. Nf6 Rd8 {[%emt 0:00:05] [#]} 33. Rd1 $1 {[%emt 0:00:57] Against h6} ({Don't take} 33. Nxh7 $6 Rh8 $14) 33... Bd6 $2 (33... Rxd1 {was worth a try.} 34. Kxd1 h6) 34. Kf3 $18 ({Not} 34. Nxh7 Rh8 $14) 34... h6 35. e4 hxg5 36. fxg5 {[%emt 0:01:06] h5 is the strong threat.} fxe4+ (36... Rc8 $142 37. exf5 exf5 38. Nd5+ Ke6 39. Nxb6 Rh8 40. Re1+ Be5) 37. Kxe4 {[%emt 0:03:56] Threatens to win with h5.} Kf8 $2 (37... Bc7 38. Rxd8 Bxd8) 38. h5 Be7 39. Rxd8+ Bxd8 {[%emt 0:00:05] KB-KN} 40. Nd7+ Kg7 41. Kf4 Bc7+ 42. Kg4 {[%emt 0:00:16] Black must now prevent h6+.} Bd8 43. h6+ Kg8 44. Kh5 Kh7 45. Ne5 Kg8 46. g6 {[%emt 0:00:05] Weighted Error Value: White=0.16 (very precise) /Black=0.47} 1-0

[Event "US Masters 2022"]
[Site "Charlotte"]
[Date "2022.11.26"]
[Round "5.13"]
[White "Bodek, Michael"]
[Black "Gazik, Viktor"]
[Result "1/2-1/2"]
[ECO "B34"]
[WhiteElo "2427"]
[BlackElo "2564"]
[Annotator "TA"]
[PlyCount "131"]
[EventDate "2022.11.23"]
[EventType "swiss"]
[EventCountry "USA"]
[SourceTitle "playchess.com"]
[Source "ChessBase"]
[SourceQuality "1"]
[TimeControl "5400+30"]

1. e4 c5 2. Nf3 Nc6 3. Nc3 g6 4. d4 cxd4 5. Nxd4 Bg7 6. Be3 Nf6 7. Nxc6 bxc6 8. e5 Ng8 9. Bd4 Qa5 10. f4 {[%emt 0:12:17] B34: Sicilian: Accelerated Dragon with 5 Nc3: sidelines.} Rb8 11. Bc4 {[%emt 0:21:55] [#]} Rb4 $146 (11... c5 12. Bf2 $11) (11... Rxb2 $15 12. Qd2 Rb7) ({Predecessor:} 11... Rxb2 12. O-O c5 13. Bxf7+ Kxf7 14. e6+ dxe6 15. Be5 Bxe5 16. fxe5+ Kg7 17. Ne4 Nh6 {0-1 (26) Kislinsky,A (2479)-Vorobiov,E (2585) Pardubice 2017}) 12. Qd3 Nh6 $1 13. O-O-O Nf5 {[%emt 0:00:02] aiming for ...Nxd4.} 14. a3 Rb8 15. Bf2 (15. g4 Nxd4 16. Qxd4 d5 $17) 15... d5 {[%emt 0:02:12] Against g4} 16. Bb3 h5 17. Na4 (17. g3 $14) 17... Ba6 $11 18. Qf3 e6 19. Be1 Qb5 20. Bb4 {[%emt 0:00:38] Against c5} (20. Bf2 $11) 20... Bf8 $1 $15 21. Bxf8 Kxf8 22. Qf2 {[%emt 0:02:36] Against c5} (22. Qc3 $1 $11 {remains equal.}) 22... d4 (22... Kg7 $1 $17 23. Qxa7 Ra8) 23. Rxd4 $1 $11 Nxd4 24. Qxd4 Kg7 (24... c5 $11 25. Qd6+ Kg7 26. Nxc5 Rhc8 27. Nxe6+ fxe6 28. Qe7+ Kh8 29. Qf6+ Kh7 30. Qe7+ Kh8 31. Qf6+ Kh7 32. Qe7+ Kh8) 25. Qxa7 (25. Nc5 {feels hotter.} Qe2 26. f5 Rhd8 27. Qc3) 25... Ra8 26. Qe3 Rhd8 27. Nc3 (27. c4 $16 Qa5 28. Nc5) 27... Qa5 (27... Qb7 $11) 28. Ne4 $16 c5 29. Qxc5 Bb7 30. Qxa5 Rxa5 31. Nd6 (31. Re1 Rd4 32. Nd6 Bxg2 $17) 31... Bxg2 32. Rg1 Ba8 (32... Bc6 $142) 33. c3 {[%emt 0:00:34] White is more active.} f6 34. Bc2 {[%emt 0:00:58] Prevents g5.} (34. Bxe6 $142 {And now Nf7 would win.} fxe5 35. Nc4) 34... g5 35. exf6+ (35. fxg5 Rxe5 36. gxf6+ Kxf6 37. Rf1+ Ke7 $11) 35... Kxf6 36. fxg5+ Ke7 $2 {[%emt 0:00:00] [#]} (36... Rxg5 $2 37. Rxg5 Rxd6 38. Rxh5 $18) (36... Kg7 $16 37. Rd1 Rd5) 37. Nc4 (37. g6 $1 $18) 37... Rc5 38. Nb6 {[%emt 0:01:41] Hoping for g6.} Bf3 39. Rg3 (39. h3 $16) 39... Re5 $14 {[%emt 0:01:11] ( -> ...Re1+)} 40. b4 (40. Rxf3 Re1+ $17) 40... Bg4 41. Nc4 (41. h3 $16 Bf5 42. Bxf5 exf5 43. Kc2) 41... Re1+ ({Don't do} 41... Rxg5 42. h3 h4 43. Rxg4 $14) 42. Kb2 Bf5 (42... Re2 $11 43. Kb3 e5) 43. Ne3 $2 {[%emt 0:01:06] [#]} (43. Bxf5 $16 exf5 44. Rg2) 43... Bxc2 (43... Rxe3 $1 $17 44. Rxe3 Rd2) 44. Nxc2 $17 {[%emt 0:00:31][%mdl 4096] Endgame KRR-KRN} Rd2 $2 {[%emt 0:00:28][%mdl 8192] [#]} (44... Re2 $11 45. Kb3 h4) 45. g6 $1 $18 Kf8 46. c4 Ree2 47. Rc3 Ke7 48. g7 Rg2 {[%emt 0:00:00] Inhibits g8Q.} 49. c5 Rxg7 50. h3 h4 {[%emt 0:00:14] Strongly threatening ...Rg3.} 51. Rc4 Rgg2 $2 (51... Rd3 52. b5 (52. Rxh4 Rgg3 $14) 52... Rgg3) 52. b5 Kd7 53. c6+ Kc8 (53... Kc7 $142 54. a4 Rd8) 54. a4 e5 55. b6 Rd4 56. Rc5 (56. Rxd4 $18 {White wants to mate with Rd7.} exd4 57. Kc1 Rg1+ 58. Kd2) 56... Rb4+ $11 {[%emt 0:00:09] The position is equal.} (56... Rxa4 $2 57. Kb3 Ra6 58. b7+ Kc7 59. Nb4 Rg3+ 60. Kc2 Rg2+ 61. Kd3 $18) 57. Kc3 {[%emt 0:00:34] Really sharp!} Rxb6 (57... Rxa4 $2 58. Nb4 Rg8 59. Nd5 $18) 58. Nb4 $1 Rg1 {[%emt 0:01:34] White must now prevent ...Rc1+.} 59. Rxe5 Rc1+ 60. Kd2 Rxb4 61. Kxc1 Rxa4 {[%emt 0:00:01] KR-KR} 62. Rh5 Kc7 63. Rh6 Ra3 64. Rxh4 {[%emt 0:00:05] Kb2 is the strong threat.} Kxc6 65. Kd2 Kd6 66. Ke2 {[%emt 0:00:36] Black escapes into a draw.   Weighted Error Value: White=0.33/Black=0.28 (precise)} 1/2-1/2

[Event "US Masters 2022"]
[Site "Charlotte"]
[Date "2022.11.26"]
[Round "5.14"]
[White "Hilby, Craig"]
[Black "Jacobson, Brandon"]
[Result "1/2-1/2"]
[ECO "B07"]
[WhiteElo "2411"]
[BlackElo "2551"]
[Annotator "TA"]
[PlyCount "49"]
[EventDate "2022.11.23"]
[EventType "swiss"]
[EventCountry "USA"]
[SourceTitle "playchess.com"]
[Source "ChessBase"]
[SourceQuality "1"]
[TimeControl "5400+30"]

1. d4 Nf6 2. Nf3 g6 3. Nbd2 Bg7 4. e4 d6 5. Bd3 O-O 6. O-O c5 7. c3 cxd4 8. cxd4 Nc6 {[%emt 0:00:11] B07: Pirc Defence: Miscellaneous Systems.} 9. d5 (9. Re1 $14) 9... Nb4 $11 10. Bb1 a5 {[%emt 0:03:17] [#]} 11. Nb3 $146 ({Predecessor:} 11. Re1 Nd7 12. Nb3 a4 13. Nbd4 Nc5 14. h3 Bd7 15. Bf4 a3 16. b3 {0-1 (45) Bacrot,E (2673)-Priasmoro,N (2502) Chess.com INT 2020}) 11... Bd7 12. Nbd4 Na6 13. h3 Nc5 14. Re1 b5 15. Bg5 Qb6 16. Qd2 Rfe8 17. Bc2 a4 18. Rac1 e5 19. dxe6 Nxe6 20. Nxe6 Bxe6 21. Bb1 Bc4 22. Qb4 {[%emt 0:05:23] [#] Strongly threatening Rxc4.} Nd7 (22... d5 $11 {feels stronger.}) 23. Be3 Qa5 24. Qxa5 ({Much worse is} 24. Qxd6 Ne5 $15) 24... Rxa5 25. Bd4 {[%emt 0:00:21] Weighted Error Value: White=0.17 (very precise) /Black=0.14 (very precise)} 1/2-1/2

[Event "US Masters 2022"]
[Site "Charlotte"]
[Date "2022.11.26"]
[Round "5.15"]
[White "Mishra, Abhimanyu"]
[Black "Wang, Kevin"]
[Result "1/2-1/2"]
[ECO "E65"]
[WhiteElo "2549"]
[BlackElo "2407"]
[Annotator "TA"]
[PlyCount "93"]
[EventDate "2022.11.23"]
[EventType "swiss"]
[EventCountry "USA"]
[SourceTitle "playchess.com"]
[Source "ChessBase"]
[SourceQuality "1"]
[TimeControl "5400+30"]

1. d4 Nf6 2. c4 g6 3. g3 Bg7 4. Bg2 O-O 5. Nc3 d6 6. Nf3 c5 7. O-O Nc6 8. dxc5 dxc5 9. Bf4 Nh5 10. Be3 b6 $1 {[%emt 0:00:39][%mdl 4] is recently more successful than 10...Nd4. E65: King's Indian: Fianchetto: 6...c5 7 0-0 without d5 by White.} 11. Qc1 Bb7 12. Bh6 Qe8 13. Qe3 (13. Rd1 {simplifies} f6 14. Bxg7 Nxg7 15. Nb5) 13... f6 14. Rad1 Bxh6 15. Qxh6 Ng7 16. b3 (16. Nh4 {keeps more tension.} Qc8 17. Bd5+ e6 18. Be4) 16... Nf5 (16... e6 {feels hotter.} 17. Nh4 Qe7 18. Be4 Ne5) 17. Qf4 {[%emt 0:00:38] [#]} Rd8 $146 ({Predecessor:} 17... Rb8 18. Qc1 Rd8 19. Rxd8 Qxd8 20. Rd1 Qb8 21. g4 Nfd4 22. Nxd4 Nxd4 23. Qe3 Kf7 24. Qh3 Bxg2 25. Kxg2 Kg7 26. e3 Nc6 27. f4 Rd8 28. Qf3 {½-½ (28) Wisham,C (2185)-Neytush,E (2111) LSS email 2020}) 18. Rxd8 (18. Qc7 $5 Ba8 19. Rxd8 Qxd8 20. Nd5 $11) 18... Qxd8 19. Rd1 Qa8 20. Ne1 Rd8 {[%emt 0:07:31] Prevents Rd7.} (20... Ncd4 {is interesting.} 21. Bxb7 Qxb7 22. e3 Ne6) 21. Rxd8+ (21. Bd5+ {is more complex.} Kg7 22. g4 e5 23. Qd2) 21... Qxd8 {[%emt 0:02:21] The position is equal.} 22. Nd3 Qd7 23. Nd5 Ncd4 24. Qb8+ Bc8 25. e3 Nc6 26. Qc7 {[%emt 0:02:21] [#] Threatens to win with g4.} Kf7 27. Kf1 e6 28. Qxd7+ Bxd7 29. Nc3 Nd6 30. Ke2 Ne7 31. f4 Nc6 32. g4 Ke7 33. g5 fxg5 34. fxg5 Nd8 35. Ne5 N8f7 36. Nxf7 Nxf7 $11 {[%emt 0:00:34][%mdl 4096] Endgame KBN-KBN} 37. h4 h6 38. gxh6 Nxh6 39. Be4 Kf6 40. Nd1 g5 41. hxg5+ Kxg5 42. Nf2 Nf7 43. Bd3 Nd6 44. Ne4+ Nxe4 45. Bxe4 Kf6 46. Kd3 Ke5 47. Bg6 {[%emt 0:00:33] A balanced but interesting game.   Weighted Error Value: White=0.04 (flawless) /Black=0.03 (flawless)} 1/2-1/2

[Event "US Masters 2022"]
[Site "Charlotte"]
[Date "2022.11.26"]
[Round "5.16"]
[White "Siddharth, Jagadeesh"]
[Black "Schitco, Ivan"]
[Result "1/2-1/2"]
[ECO "E41"]
[WhiteElo "2407"]
[BlackElo "2532"]
[Annotator "TA"]
[PlyCount "40"]
[EventDate "2022.11.23"]
[EventType "swiss"]
[EventCountry "USA"]
[SourceTitle "playchess.com"]
[Source "ChessBase"]
[SourceQuality "1"]
[TimeControl "5400+30"]

1. d4 Nf6 2. c4 e6 3. Nc3 Bb4 4. e3 Bxc3+ 5. bxc3 c5 6. Bd3 d6 7. Ne2 Nc6 8. f3 e5 9. O-O O-O 10. e4 h6 11. Be3 {[%emt 0:02:06] E41: Nimzo-Indian: Rubinstein: 4...c5 5 Bd3, including Hübner Variation.} b6 12. d5 Ne7 {[%emt 0:00:06][%cal Bc6e7,Be7g6,Bg6f4][%mdl 32] [#]} 13. g4 $146 {[%emt 0:13:24] White is more active.} ({Better is} 13. Ng3 $14) ({Predecessor:} 13. Ng3 g5 14. Qd2 Ng6 15. Nf5 Bxf5 16. exf5 Nf4 17. Bc2 Ne8 18. g3 Nh5 19. Kg2 {1-0 (44) Farago,I (2411)-Munkhgal,G (2445) Budapest 2017}) 13... Nh7 14. Qe1 g5 15. h4 Ng6 $1 16. hxg5 hxg5 17. Ng3 Nf4 18. Qd2 Nf6 19. Kf2 Kg7 20. Rh1 Bd7 {[%emt 0:03:01] Weighted Error Value: White=0.11 (very precise) /Black=0.17 (very precise)} 1/2-1/2

[Event "US Masters 2022"]
[Site "Charlotte"]
[Date "2022.11.26"]
[Round "5.17"]
[White "Stremavicius, Titas"]
[Black "Mandizha, Farai"]
[Result "0-1"]
[ECO "A27"]
[WhiteElo "2527"]
[BlackElo "2359"]
[Annotator "TA"]
[PlyCount "216"]
[EventDate "2022.11.23"]
[EventType "swiss"]
[EventCountry "USA"]
[SourceTitle "playchess.com"]
[Source "ChessBase"]
[SourceQuality "1"]
[TimeControl "5400+30"]

1. c4 e5 2. Nc3 Nc6 3. Nf3 f5 4. g3 Nf6 5. d4 e4 6. Nh4 d6 7. Bg5 Be7 8. e3 O-O 9. Ng2 h6 10. Bxf6 Bxf6 11. h4 Ne7 12. Nf4 c5 13. Nh5 Qb6 14. Nxf6+ Rxf6 15. Qd2 Be6 16. d5 Bd7 17. h5 a6 18. Be2 Kh8 19. b3 Ng8 20. g4 Re8 21. gxf5 Bxf5 22. O-O-O Rf7 23. Rdg1 Nf6 24. Rh4 Re5 25. Bd1 (25. Rf4 $11) 25... Qd8 $1 $17 26. Rh2 b5 27. Kb2 Rb7 28. Be2 Qe8 29. Rh4 b4 30. Nb1 a5 31. a4 Bd7 32. Rgh1 (32. Ka2 $17 {might work better.}) 32... Rf5 $19 33. Bd1 Qe5+ $1 34. Ka2 Be8 35. R1h2 $2 (35. Qe2) 35... Bxh5 $19 (35... Nxh5 36. Qb2 Nf6 37. Nd2 $17) 36. Bxh5 Rxh5 ({Stronger than} 36... Nxh5 37. Qe2 Nf6 38. Nd2 $17) 37. Rxh5 Nxh5 38. Rg2 Rf7 39. Qe1 Nf6 40. Qh1 Qf5 41. Nd2 $2 (41. Ka1) 41... Ng4 $19 42. Qh4 Nf6 $2 (42... Nxf2 $19 43. Qd8+ Kh7) 43. Qg3 $2 (43. Qh1 $1 $11 {and White is okay.}) 43... Rd7 44. Kb1 Kh7 45. Kc2 g5 46. Kd1 Kg6 47. Ke2 h5 48. Rh2 Ng4 49. Rg2 Nf6 50. Rh2 $1 g4 (50... Qg4+ $142 51. Qxg4 Nxg4) 51. Ke1 (51. Rh1 {was the only chance.}) 51... Ne8 52. Qh4 Nf6 53. Qg3 $1 Rd8 54. Rh1 Qg5 55. Rh2 Kf7 56. Ke2 Qf5 57. Rh4 Ke7 58. Qf4 Qg6 59. Nf1 Kd7 60. Ng3 Re8 61. Kf1 Re5 62. Kg2 (62. Rh1 $17 {only move.}) 62... Kc7 63. Rh1 Kd8 64. Rh4 (64. Kf1 $17) 64... Ke7 65. Rh1 Kf7 66. Ne2 Qg7 67. Qg3 Qg5 68. Nf4 Qf5 69. Kg1 Ke7 70. Qh4 Kd7 71. Rh2 Kc8 72. Rh1 Kd7 73. Rh2 $1 Ke8 74. Rh1 Kf7 ({Better is} 74... Ke7 $1 $17 75. Kg2 Qh7) 75. Rh2 (75. Qg3 $1 $11 {was the only way to keep the balance.}) 75... Kg7 76. Kg2 Kh6 77. Qg3 Kg7 78. Qh4 $1 Kh7 79. Qg3 Kh6 80. Rh1 Re8 ({Black should try} 80... Qd7 $17) 81. Rh2 (81. Ne6 $1 $11) 81... Re5 82. Rh1 Re8 (82... Qd7 $142 83. Rh4 Qe7) 83. Rh2 $17 Rg8 84. Rh1 (84. Ne6 $1 $15) 84... Rg5 $1 $19 85. Kg1 (85. Kf1 $142) 85... Qe5 $19 86. Ne6 Rf5 87. Qxe5 Rxe5 88. Nd8 {[%emt 0:00:38] [#]} Re7 $1 89. Nc6 Rf7 90. Kg2 g3 $2 (90... Nd7 $19 {is more deadly. Hoping for ...Kg6.} 91. Rh2 Kg5) 91. Kxg3 $2 (91. fxg3 $2 Ng4 92. Re1 Rf2+ 93. Kg1 Rf3 $19) (91. Nd8 $17 Rd7 92. Ne6) 91... Ng4 $19 92. Nd8 Rxf2 93. Nb7 Rf3+ 94. Kg2 Nxe3+ 95. Kh2 Ng4+ 96. Kg2 Rf2+ 97. Kg3 Rf3+ (97... Kg5 $142 98. Nxd6 h4+ 99. Kh3 Re2 100. Nxe4+ Rxe4) 98. Kg2 $1 $19 Ne3+ (98... Rxb3 $2 {perishes.} 99. Nxd6 Rc3 100. Nxe4 Rxc4 101. Kf3 $19) (98... Kg5 $142 99. Nxd6 Ne3+ 100. Kh2 Kf4) 99. Kh2 $19 Nf5 100. Rg1 Rxb3 101. Nd8 Rg3 102. Re1 Re3 103. Rg1 Re2+ 104. Kh3 Re3+ 105. Kh2 Rg3 106. Re1 $1 Rg4 107. Rf1 {[%emt 0:00:10] [#]} Kg6 (107... e3 $142 $1 108. Rb1 (108. Re1 b3) 108... e2 109. Ne6 Nh4 110. Kh3 Nf3 111. Nf4 e1=Q 112. Rxe1 Nxe1 113. Ne6 b3 114. Nd8 b2 115. Nf7+ Kg7 116. Nd8 b1=Q 117. Ne6+ Kh6 118. Nd8 Qb3+ 119. Kh2 Qg3+ 120. Kh1 Rh4#) 108. Ne6 e3 0-1